 Dungeon Crawl Stone Soup version 0.27.1-34-g3ba077fa99 (console) character file.

Game seed: 5627170866925158690

2626 Banquo the Thaumaturge (level 9, -1/81 HPs)
             Began as a Djinni Chaos Knight on Jan 6, 2022.
             Was a Follower of Ashenzari.
             Slain by a water moccasin (5 damage)
             ... on level 6 of the Dungeon.
             The game lasted 00:35:22 (9703 turns).

Banquo the Thaumaturge (Djinni Chaos Knight)        Turns: 9703, Time: 00:35:23

Health: -1/81      AC:  9    Str: 11      XL:     9   Next: 91%
Gold:   61         EV: 16    Int: 15 (17) God:    Ashenzari [*.....] SH:  0 Dex: 11 (13)

rFire    x . .     SeeInvis .   (weapon currently unavailable)
rCold    + + +     Faith    .   (shield currently unavailable)
rNeg     . . .     Spirit   .   (armour currently unavailable)
rPois    ∞         Reflect  .   (helmet currently unavailable)
rElec    .         Harm     .   (cloak currently unavailable)
rCorr    .         Rampage  .   (gloves currently unavailable)
Will     .....                  (boots unavailable)
Stlth    +.........             (no amulet)
HPRegen  0.23/turn              l - ring of Ashenzari's Mutualism {EV+4, Cun, Range} (curse)
MPRegen  0.00/turn              E - ring of wizardry

@: ice-form, flying
A: freezing attack, flying, boosted hp, sickness immunity, large, (fire
resistance 2), (cold vulnerability 1), float, innate caster, hp casting, extra
vitality 1, (camouflage 1), no potion heal 1
a: End Transformation, Renounce Religion, Shatter the Chains


You were on level 6 of the Dungeon.
You worshipped Ashenzari.
Ashenzari was aware of your devotion.
You were a creature of crystalline ice.
You visited 2 branches of the dungeon, and saw 7 of its levels.
You also visited: Ossuary.

You collected 258 gold pieces.
You spent 197 gold pieces at shops.

Inventory:

Hand Weapons
 a - a +0 hand axe of chaos (melded)
 j - a +2 dagger of holy wrath
 q - a +0 trident
 w - a +0 rapier
 G - a +0 war axe
 H - a +4 dagger
Missiles
 c - 178 stones (quivered)
 n - 53 poisoned darts
 o - 7 boomerangs
 r - 7 javelins
 A - 2 curare-tipped darts
Armour
 b - a +2 leather armour
 d - the cursed +1 robe of Ashenzari's Anxiety (melded) {rC+, Cun, Self}
   (You took it off an orc on level 3 of the Dungeon)

   It has a curse which improves the following skills: Cunning: Dodging and
   Stealth.
   Introspection: Fighting and Spellcasting.
 p - a +0 tower shield
Jewellery
 l - the cursed ring of Ashenzari's Mutualism (left front paw) {EV+4, Cun, Range}
   (You found it on level 2 of the Dungeon)

   [ring of evasion]

   EV:        It affects your evasion (+4).
   It has a curse which improves the following skills: Cunning: Dodging and
   Stealth.
   Ranged Combat: Slings, Bows, Crossbows and Throwing.
 E - a ring of wizardry (right front paw)
Wands
 x - a wand of polymorph (4)
 y - a wand of flame (13)
Scrolls
 f - 4 scrolls of blinking
 h - a scroll of enchant weapon
 m - 2 scrolls of magic mapping
 t - 2 scrolls of fear
 u - 3 scrolls of enchant armour
 B - 4 scrolls of fog
 C - 4 scrolls of noise
 F - 5 scrolls of teleportation
Potions
 e - a potion of mutation
 g - 5 potions of brilliance
 i - a potion of cancellation
 k - 4 potions of heal wounds
 s - 4 potions of lignification
 v - 4 potions of curing
 z - a potion of ambrosia
 D - a potion of might
 I - a potion of berserk rage


   Skills:
 * Level 7.6 Fighting
 - Level 5.3 Axes
 - Level 2.1 Armour
 * Level 6.2(7.2) Dodging
 * Level 5.3 Shields
 + Level 8.0 Spellcasting


You had 15 spell levels left.
You knew the following spells:

 Your Spells              Type           Power      Damage    Failure   Level
a - Magic Dart            Conj           100%       1d8       1%          1
s - Slow                  Hex            30%        N/A       1%          2
B - Blink                 Tloc           N/A        N/A       1%          2
Y - Ice Form              Ice/Tmut       30%        N/A       1%          4
Your spell library was empty.

Dungeon Overview and Level Annotations

Branches:
Dungeon (6/15)             Temple (1/1) D:4         Ossuary (visited)

Altars:
Ashenzari
Dithmenos
Elyvilon
Fedhas
Gozag
Hepliaklqana
Kikubaaqudgha
Nemelex Xobeh
Okawaru
Qazlal
Ru
Wu Jian
Zin
The Shining One

Shops:
D:4 ?*

Annotations:
D:2 Natasha, Sigmund
D:4 exclusion: oklob plant
D:5 1 runed translucent door, MisterT's ghost, amateur HOMo


Innate Abilities, Weirdness & Mutations

You are a creature of crystalline ice.
You have a powerful freezing melee attack.
You are flying.
Your maximum health is increased.
Your armour is entirely melded.
You are incapable of wielding weapons or throwing items.
You are immune to sickness and miasma.
You are immune to poison.
((Your flesh is very heat resistant. (rF++)))
((You are vulnerable to cold. (rC-)))
You float through the air rather than walking.
You learn spells naturally, not from books.
Your magical power is your life essence.
You have superior vitality. (+4 HP)
((Your skin changes colour to match your surroundings (Stealth+).))
Potions are less effective at restoring your health.


Message History

Press: ? - help, Shift-Dir - straight line, f/p - water moccasin
Aim: a water moccasin (lightly wounded, 100% to hit)
The magic dart hits the water moccasin.
The water moccasin is moderately wounded.
The water moccasin misses you.
You hit the water moccasin.
The water moccasin flickers and vanishes!
Deactivating autopickup; reactivate with Ctrl-A.
Something closely misses you. Something bites you!
You closely miss something. Something barely misses you. Something bites you!
Something bites you.
Casting: Magic Dart (safe; 1% risk of failure)
Confirm with . or Enter, or press ? or * to list all spells.
You can't see any susceptible monsters within range! (Use Z to cast anyway.)
You miss something. Something bites you. Something bites you!
You hit something but do no damage.
Nothing appears to happen.
Something bites you.
You closely miss something. Something bites you. Something bites you!
You hit something.
Nothing appears to happen.
Something bites you but does no damage.
You hit something. Something bites you.
You closely miss something. Something bites you.
* * * LOW HITPOINT WARNING * * *
Something bites you.
* * * LOW HITPOINT WARNING * * *
Unknown command.
Casting: Magic Dart (safe; 1% risk of failure)
Confirm with . or Enter, or press ? or * to list all spells.
You turn into a creature of crystalline ice.
Your +0 hand axe of chaos melds into your body.
The cursed +1 robe of Ashenzari's Anxiety {rC+, Cun, Self} melds into your body.
You feel less resistant to cold.
* * * LOW HITPOINT WARNING * * *
Something bites you.
* * * LOW HITPOINT WARNING * * *
Unknown command.
You barely miss something. Something barely misses you. Something bites you.
* * * LOW HITPOINT WARNING * * *
You hit something. You freeze something. Something bites you.
You die...

♣#.##♣♣ .#.#.♣ #########
#.#.. .......># ##.#
........## ♣..♣ .........#
♣..♣
.........###''############
.........Y{...............
.........###############..
.........# #.....
.........### ########.....
...###.....###..........>.
##......##................
######...#.............##
#.. ##.........?........
#..#####
#.##.........#.....


There were no monsters in sight!

Vanquished Creatures
  A wyvern (D:6)
  Duvessa (D:4)
  An orc warrior (D:5)
  An ice beast (D:4)
  2 sky beasts
  2 ogres
  A centaur (D:6)
  A phantom (D:5)
  2 elf zombies (Ossuary)
  2 kobold brigands (D:5)
  3 scorpions
  Dowan (D:4)
  A howler monkey (D:6)
  3 hounds
  2 orc priests
  2 jellies
  A bullfrog skeleton (D:5)
  2 centaur skeletons
  An iguana (D:5)
  7 orc wizards
  A killer bee zombie (D:6)
  3 mummies (Ossuary)
  A howler monkey zombie (D:6)
  3 gnolls (D:5)
  6 adders
  A white imp (D:6)
  An ufetubus (D:6)
  3 worms
  2 dart slugs
  21 orcs
  5 endoplasms
  4 hobgoblins
  3 quokkas
  6 ball pythons
  2 bats
  8 goblins
  A goblin zombie (Ossuary)
  3 hobgoblin zombies (Ossuary)
  14 kobolds
  2 kobold zombies (Ossuary)
  6 rats
133 creatures vanquished.

Notes
Turn   | Place    | Note
-------+----------+-------------------------------------------
     0 | D:1      | Banquo the Djinni Chaos Knight began the quest for the Orb.
     0 | D:1      | Reached XP level 1. HP: 20/20 MP: 0/0
   299 | D:1      | XOM: silly message
   333 | D:1      | Reached XP level 2. HP: 24/25 MP: 0/0
   553 | D:1      | Found a faded altar of an unknown god.
  1116 | D:1      | XOM: noise
  1223 | D:2      | Reached XP level 3. HP: 30/30 MP: 0/0
  1223 | D:2      | Learned a level 1 spell: Magic Dart
  1223 | D:2      | Noticed Sigmund
  1607 | D:2      | Noticed Natasha
  1607 | D:2      | XOM: confuse monster(s)
  1680 | D:1      | XOM: noise
  1705 | D:2      | XOM: butterfly on damage
  1918 | D:3      | Reached XP level 4. HP: 32/35 MP: 0/0
  2053 | D:3      | Reached skill level 1 in Spellcasting
  2204 | D:3      | XOM: god gift: 7 javelins
  2242 | D:3      | Found an iron altar of Okawaru.
  2242 | D:3      | XOM: 7-stop teleportation journey
  2483 | D:3      | Reached XP level 5. HP: 31/41 MP: 0/0
  2483 | D:3      | Learned a level 2 spell: Blink
  2568 | D:3      | XOM: noise
  2692 | D:3      | XOM: god gift: Xom's Volume of Unpleasantness {god gift}
  2693 | D:3      | Got Xom's Volume of Unpleasantness {god gift}
  2763 | D:3      | XOM: god gift: scroll labelled JAOZAR FYZIS {god gift}
  2985 | D:3      | XOM: god gift: leather armour {god gift}
  3175 | D:4      | Found a shadowy altar of Dithmenos.
  3176 | D:4      | Noticed Dowan
  3176 | D:4      | XOM: summons 5 friendly demons
  3191 | D:4      | Noticed Duvessa
  3200 | D:4      | Killed Dowan
  3201 | D:4      | Reached skill level 2 in Spellcasting
  3322 | D:4      | Found Camnir Nuygo's Magic Scroll Boutique.
  3331 | D:4      | Bought a scroll of blinking for 105 gold pieces
  3331 | D:4      | Bought a scroll of teleportation for 42 gold pieces
  3356 | D:4      | XOM: confuse monster(s)
  3370 | D:4      | Killed Duvessa
  3371 | D:4      | Reached XP level 6. HP: 11/48 MP: 0/0
  3442 | D:4      | XOM: 1-stop teleportation journey
  3703 | D:4      | Reached skill level 3 in Spellcasting
  3736 | D:4      | XOM: 1-stop teleportation journey
  3913 | D:4      | Noticed an ogre
  3913 | D:4      | XOM: cast spell 'Disjunction'
  3940 | D:4      | XOM: divination: detect creatures
  3958 | D:3      | XOM: god gift: book of Burglary
  4238 | D:4      | XOM: give mutation
  4238 | D:4      | Gained mutation: Your skin changes colour to match your
                  | surroundings (Stealth+). [Xom's grace]
  4377 | D:4      | XOM: butterfly on damage
  4378 | D:4      | Killed an ogre
  4379 | D:4      | Reached XP level 7. HP: 31/53 MP: 0/0
  4379 | D:4      | Learned a level 2 spell: Slow
  4398 | D:4      | Reached skill level 5 in Fighting
  4542 | D:4      | Found a staircase to the Ecumenical Temple.
  4556 | Temple   | Entered the Ecumenical Temple
  4613 | Temple   | Fell from the grace of Xom
  4613 | Temple   | Became a worshipper of Ashenzari the Shackled
  4635 | Temple   | Reached skill level 5 in Axes
  4635 | Temple   | Reached skill level 5 in Shields
  4635 | Temple   | Reached skill level 6 in Spellcasting
  4635 | Temple   | Reached XP level 8. HP: 64/64 MP: 0/0
  4814 | D:4      | Found a blossoming altar of Fedhas.
  4836 | D:4      | Noticed an oklob plant
  4924 | D:4      | Found Ysiadoudo's Assorted Antiques.
  4931 | D:4      | Bought a puce potion for 25 gold pieces
  4931 | D:4      | Bought a fuming yellow potion for 25 gold pieces
  5013 | D:4      | Identified Plato's Guide on Battle Magic
  5063 | D:5      | Entered Level 5 of the Dungeon
  5499 | D:5      | Reached skill level 7 in Spellcasting
  5563 | D:5      | XOM: draining
  6189 | D:5      | Found a runed translucent door.
  6190 | D:5      | Noticed MisterT's ghost (amateur HOMo)
  6431 | D:4      | XOM: confusion
  6434 | D:4      | Reached XP level 9. HP: 33/65 MP: 0/0
  6434 | D:4      | Learned a level 4 spell: Ice Form
  7159 | D:6      | Found a sand-covered staircase.
  7333 | Ossuary  | Entered an ossuary
  7360 | Ossuary  | XOM: stat loss: -2 Int (15/17)
  7736 | Ossuary  | Reached * piety under Ashenzari
  7775 | Ossuary  | XOM: give mutations
  7775 | Ossuary  | Gained mutation: You sometimes lose the ability to read
                  | scrolls when taking damage. [Xom's mischief]
  7775 | Ossuary  | Lost mutation: You sometimes lose the ability to read
                  | scrolls when taking damage. [Xom's mischief]
  8008 | Ossuary  | XOM: summons 2 hostile demons
  8086 | Ossuary  | XOM: stat loss: -3 Dex (10/13)
  8652 | D:6      | Found a sacrificial altar of Ru.
  9030 | D:5      | XOM: summons 5 hostile demons
  9064 | D:5      | XOM: give mutations
  9064 | D:5      | Gained mutation: Potions are less effective at restoring
                  | your health. [Xom's mischief]
  9065 | D:5      | Identified the cursed +1 robe of Ashenzari's Anxiety {rC+,
                  | Cun, Self} (You took it off an orc on level 3 of the
                  | Dungeon)
  9382 | D:6      | Reached skill level 8 in Spellcasting
  9702 | D:6      | HP: 3/81 [something (5)]
  9703 | D:6      | Slain by a water moccasin

Illustrated notes

Levels and vault maps discovered:
D:1:      lemuel_arrival_cross, layout_loops_ring,
          shapermc_ecumenical_altar_rom_forum
D:2:      layout_rooms, chequers_hall_statues_y, uniq_sigmund, uniq_natasha
D:3:      layout_rooms, mainiacjoe_overflow_chevrons, minmay_strange_pillars
D:4:      layout_rooms, tgw_fedhas, nicolae_dithmenos_shadow_blocks,
          minmay_temple_entry_mini_moons, serial_shops, nicolae_diamond_shop,
          kennysheep_windowed_goal, uniq_duvessa
D:5:      cheibrodos_thug_alley, layout_rooms, ebering_ghost_sewer_d,
          kennysheep_small_spiral, roderic_cross_of_infinity, minmay_circle_x
D:6:      layout_rooms, mainiacjoe_overflow_small_starburst,
          nicolae_ossuary_entry_monument, kennysheep_generic_room_3
Temple:   zaba_magenta_temple

Skill      XL: |  1  2  3  4  5  6  7  8  9 |
---------------+----------------------------+-----
Axes           | 3 5 |  5.3
Armour         | 2 |  2.1
Spellcasting   | 1 2 3 6 7 8 |  8.0
Fighting       | 4 7 |  7.6
Dodging        | 6 |  6.2
Shields        | 5 |  5.3

Action                   |  1- 3 |  4- 6 |  7- 9 || total
-------------------------+-------+-------+-------++-------
Melee: Hand axe          |   117 |    76 |    66 ||   259
       Unarmed           |       |       |    30 ||    30
 Cast: Magic Dart        |     2 |    56 |   343 ||   401
       Slow              |       |       |     9 ||     9
       Ice Form          |       |       |     3 ||     3
Invok: Curse Item        |       |       |     2 ||     2
 Abil: End Transformatio |       |       |     1 ||     1
  Use: Potion            |       |       |     1 ||     1
 Stab: Confused          |       |     1 |       ||     1
       Petrifying        |       |       |     1 ||     1
Armor: Leather armour    |    47 |     2 |       ||    49
       Robe              |       |     4 |    11 ||    15
       Skin              |       |       |     3 ||     3
Dodge: Dodged            |    83 |    58 |   131 ||   272
